Flames vs Golden Knights

Created - October 25, 2023 at 09:25

Goals
1 2 3 T
Flames 0 2 0 2
Golden Knights 0 1 2 3
Shots
1 2 3 T
Flames 8 9 9 26
Golden Knights 5 10 12 27

GoalsPenalties
1st period
No Goal
Marcus Foligno (VGK) for Tripping (Minor) at 2:51
Sebastian Aho (CGY) for Holding Stick (Minor) at 7:56
Esa Lindell (CGY) for Holding (Minor) at 12:33
Keegan Kolesar (VGK) for High sticking (Minor) at 13:12
Lawson Crouse (CGY) for High sticking (Minor) at 13:12
Sean Walker (VGK) for Hooking (Minor) at 17:12
2nd period
1. Golden Knights , Kirby Dach 2 (Zach Werenski 2, Tomas Hertl 5) at 1:54
2. Flames , Jordan Kyrou 3 (Ryan Lindgren 1) at 4:55
3. Flames , Alex DeBrincat 3 (Calvin de Haan 1, Steven Stamkos 4) at 15:54
Kirby Dach (VGK) for Interference (Minor) at 2:40
3rd period
4. Golden Knights , Jack Roslovic 2 (Tomas Hertl 6) at 8:49 (PP)
5. Golden Knights , Artemi Panarin 3 (Zach Werenski 3, Mark Stone 2) at 18:49
Pierre-Edouard Bellemare (CGY) for Tripping (Minor) at 7:48
Jakob Chychrun (VGK) for Hooking (Minor) at 11:29
Goalie Stats
Vitek Vanecek (CGY), 24 saves from 27 shots - (0.889), L, 1-4-1, 59:01 minutes
Ilya Samsonov (VGK), 24 saves from 26 shots - (0.923), W, 2-3-2, 60:00 minutes
3 StarsOfficial
1 - Zach Werenski (VGK)
2 - Tomas Hertl (VGK)
3 - Artemi Panarin (VGK)
Referees : Chris Lee and Brandon Blandina
Linesman : Matt MacPherson and Steve Miller
Game Note
No Game Note
Finance
Level 1 -- Attendance: 6100 (93.85%) -- Ticket Income $671,000
Level 2 -- Attendance: 5000 (100.00%) -- Ticket Income $410,000
Level 3 -- Attendance: 3142 (89.77%) -- Ticket Income $197,946
Level 4 -- Attendance: 3051 (86.26%) -- Ticket Income $61,020
Luxury Box -- Attendance: 997 (99.70%) -- Ticket Income $224,325
Game was played at the T-Mobile Arena.
Total Attendance: 18290 (93.62%)
Total Ticket Income: $1,564,291
Other Income: $391,073
Total Income: $1,955,364



Team Name Goals Shots Shots Attemp Shots Blocked PIM HIT PP PK FO%
Flames 2267448180 / 4 (0%)164%
Golden Knights 327431510341 / 3 (33%)036%

Flames
Player Name POS G A P +/- PIM HIT SHT SB MP PP MP PP SHT PK MP PK SHT FO% FOT
Adam LarssonD0000020021:190:0002:2500% 0
Alex DeBrincatRW1011002020:585:0000:00050% 2
Calvin de HaanD0111000114:420:0001:0300% 0
Erik GudbransonD000-1031019:533:2402:3400% 0
Esa LindellD000-1213219:263:2421:3100% 0
Jakub VranaLW0000001019:562:5600:3000% 0
Jared SpurgeonD0000000025:504:3202:2500% 0
John TavaresC0000032020:112:5600:45080% 25
Jordan EberleRW0000004016:300:0000:0000% 1
Jordan KyrouC101100202:440:0000:000100% 2
Kirill MarchenkoRW000-2011014:102:5600:0000% 0
Lawson CrouseLW0001256022:385:0031:40040% 5
Pierre-Edouard BellemareLW000120004:500:0001:2800% 0
Ryan LindgrenD0111000014:170:0000:0000% 0
Sean KuralyC000000002:370:0001:58060% 5
Sebastian AhoC000-2202115:454:3210:00050% 16
Steven StamkosC0112022024:175:0000:35063% 32
Zemgus GirgensonsLW000-2010012:550:0001:4100% 0
Golden Knights
Player Name POS G A P +/- PIM HIT SHT SB MP PP MP PP SHT PK MP PK SHT FO% FOT
Adam BoqvistD0000020217:150:0000:3900% 0
Artemi PanarinLW1011003022:152:0404:4200% 1
Austin WatsonLW000002004:380:0000:3300% 0
Derek GrantC0000000010:532:0403:56050% 12
Jack RoslovicC101-2003015:271:3520:0009% 11
Jakob ChychrunD0000202221:151:3522:4100% 0
Keegan KolesarRW0001250116:212:0300:00047% 19
Kirby DachC1011205015:451:3510:00025% 4
Marcus FolignoLW000-2242016:320:0002:4100% 1
Mark StoneRW0111001114:180:0000:0000% 1
Miro HeiskanenD0000061125:392:0404:3600% 0
Rafael Harvey-PinardLW000-2004013:520:0000:0000% 2
Sean WalkerD0000210112:490:0000:0000% 0
T.J. OshieRW0001040116:571:3500:0000% 4
Tomas HertlC0221004120:341:3504:00045% 33
Travis HamonicD0000041216:580:0004:0800% 0
Vladislav NamestnikovC000000004:050:0000:0000% 0
Zach WerenskiD0220061324:272:0403:4800% 0



Play-by-Play

1st period


0:01 of 1st period - Keegan Kolesar wins face-off versus Steven Stamkos in neutral zone.
0:09 of 1st period - Icing by Adam Larsson.
0:10 of 1st period - Tomas Hertl wins face-off versus Steven Stamkos in Flames zone.
0:54 of 1st period - Icing by Adam Boqvist.
0:55 of 1st period - John Tavares wins face-off versus Tomas Hertl in Golden Knights zone.
0:58 of 1st period - Shot by Jordan Eberle.
0:58 of 1st period - Shot Misses the Net.
1:04 of 1st period - Shot by Jordan Eberle.
1:04 of 1st period - Stopped by Ilya Samsonov with a rebound.
1:39 of 1st period - Icing by Jakub Vrana.
1:40 of 1st period - John Tavares wins face-off versus Marcus Foligno in Flames zone.
1:58 of 1st period - Off-side.
1:59 of 1st period - Sebastian Aho wins face-off versus Keegan Kolesar in neutral zone.
2:18 of 1st period - Shot by Zemgus Girgensons.
2:18 of 1st period - Shot Misses the Net.
2:38 of 1st period - Shot by Sebastian Aho.
2:38 of 1st period - Shot Blocked by Mark Stone.
2:40 of 1st period - Shot by Ryan Lindgren.
2:40 of 1st period - Shot Blocked by Keegan Kolesar.
2:51 of 1st period - Minor Penalty to Marcus Foligno for Tripping.
2:52 of 1st period - Alex DeBrincat wins face-off versus Derek Grant in Golden Knights zone.
3:00 of 1st period - Lawson Crouse is hit by Miro Heiskanen and loses puck.
3:08 of 1st period - Icing by Steven Stamkos.
3:09 of 1st period - Steven Stamkos wins face-off versus Tomas Hertl in Flames zone.
3:13 of 1st period - Icing by Esa Lindell.
3:14 of 1st period - Steven Stamkos wins face-off versus Derek Grant in Flames zone.
3:35 of 1st period - Shot by Lawson Crouse.
3:35 of 1st period - Stopped by Ilya Samsonov without a rebound.
3:36 of 1st period - John Tavares wins face-off versus Tomas Hertl in Golden Knights zone.
3:49 of 1st period - Shot by Sebastian Aho.
3:49 of 1st period - Shot Blocked by Tomas Hertl.
3:51 of 1st period - Shot by Sebastian Aho.
3:51 of 1st period - Stopped by Ilya Samsonov without a rebound.
3:52 of 1st period - Derek Grant wins face-off versus Steven Stamkos in Golden Knights zone.
4:11 of 1st period - Shot by Lawson Crouse.
4:11 of 1st period - Stopped by Ilya Samsonov without a rebound.
4:12 of 1st period - John Tavares wins face-off versus Tomas Hertl in Golden Knights zone.
4:43 of 1st period - Shot by Esa Lindell.
4:43 of 1st period - Stopped by Ilya Samsonov without a rebound.
4:44 of 1st period - Steven Stamkos wins face-off versus Artemi Panarin in Golden Knights zone.
5:07 of 1st period - Calvin de Haan is hit by Marcus Foligno and loses puck.
5:13 of 1st period - Off-side.
5:14 of 1st period - Derek Grant wins face-off versus John Tavares in neutral zone.
5:24 of 1st period - Off-side.
5:25 of 1st period - Steven Stamkos wins face-off versus Jack Roslovic in neutral zone.
5:36 of 1st period - Shot by Steven Stamkos.
5:36 of 1st period - Shot Misses the Net.
6:17 of 1st period - Icing by Adam Larsson.
6:18 of 1st period - Steven Stamkos wins face-off versus Keegan Kolesar in Flames zone.
6:43 of 1st period - Erik Gudbranson is hit by Keegan Kolesar and loses puck.
6:52 of 1st period - Shot by Jordan Eberle.
6:52 of 1st period - Shot Blocked by Adam Boqvist.
6:54 of 1st period - Shot by Esa Lindell.
6:54 of 1st period - Stopped by Ilya Samsonov without a rebound.
6:55 of 1st period - Sebastian Aho wins face-off versus Tomas Hertl in Golden Knights zone.
6:55 of 1st period - Kirill Marchenko is hit by Travis Hamonic.
6:58 of 1st period - Icing by Sean Walker.
6:59 of 1st period - John Tavares wins face-off versus Kirby Dach in Golden Knights zone.
7:06 of 1st period - Shot by Jakub Vrana.
7:06 of 1st period - Shot Misses the Net.
7:41 of 1st period - Shot by Kirby Dach.
7:41 of 1st period - Stopped by Vitek Vanecek without a rebound.
7:42 of 1st period - Keegan Kolesar wins face-off versus Sebastian Aho in Flames zone.
7:56 of 1st period - Minor Penalty to Sebastian Aho for Holding Stick.
7:57 of 1st period - Sean Kuraly wins face-off versus Derek Grant in Flames zone.
9:32 of 1st period - Shot by Jakob Chychrun.
9:32 of 1st period - Stopped by Vitek Vanecek without a rebound.
9:33 of 1st period - Derek Grant wins face-off versus Sean Kuraly in Flames zone.
10:22 of 1st period - Shot by Jordan Eberle.
10:22 of 1st period - Shot Misses the Net.
10:26 of 1st period - Shot by Jakub Vrana.
10:26 of 1st period - Stopped by Ilya Samsonov without a rebound.
10:27 of 1st period - Steven Stamkos wins face-off versus Tomas Hertl in Golden Knights zone.
10:27 of 1st period - Jared Spurgeon is hit by Zach Werenski and loses puck.
10:37 of 1st period - Off-side.
10:38 of 1st period - Tomas Hertl wins face-off versus Sebastian Aho in neutral zone.
10:48 of 1st period - Icing by Jakob Chychrun.
10:49 of 1st period - Tomas Hertl wins face-off versus Steven Stamkos in Golden Knights zone.
11:11 of 1st period - Icing by Miro Heiskanen.
11:12 of 1st period - Kirby Dach wins face-off versus Sebastian Aho in Golden Knights zone.
11:32 of 1st period - Jakob Chychrun is hit by Esa Lindell.
11:37 of 1st period - Off-side.
11:38 of 1st period - Steven Stamkos wins face-off versus Keegan Kolesar in neutral zone.
11:42 of 1st period - Adam Larsson is hit by Adam Boqvist and loses puck.
12:10 of 1st period - Zach Werenski is hit by Lawson Crouse and loses puck.
12:23 of 1st period - Mark Stone is hit by Lawson Crouse and loses puck.
12:33 of 1st period - Minor Penalty to Esa Lindell for Holding.
12:34 of 1st period - Tomas Hertl wins face-off versus Sean Kuraly in Flames zone.
12:35 of 1st period - Shot by Jack Roslovic.
12:35 of 1st period - Stopped by Vitek Vanecek without a rebound.
12:36 of 1st period - Sean Kuraly wins face-off versus Tomas Hertl in Flames zone.
12:36 of 1st period - Sean Kuraly is hit by T.J. Oshie.
13:08 of 1st period - Shot by Kirby Dach.
13:08 of 1st period - Stopped by Vitek Vanecek without a rebound.
13:09 of 1st period - Lawson Crouse wins face-off versus Derek Grant in Flames zone.
13:09 of 1st period - Lawson Crouse is hit by Keegan Kolesar.
13:12 of 1st period - Minor Penalty to Keegan Kolesar for High sticking.
13:12 of 1st period - Minor Penalty to Lawson Crouse for High sticking.
13:13 of 1st period - Steven Stamkos wins face-off versus T.J. Oshie in neutral zone.
13:25 of 1st period - Icing by Artemi Panarin.
13:26 of 1st period - John Tavares wins face-off versus T.J. Oshie in Golden Knights zone.
14:02 of 1st period - Icing by Miro Heiskanen.
14:03 of 1st period - Steven Stamkos wins face-off versus T.J. Oshie in Golden Knights zone.
14:31 of 1st period - Icing by Tomas Hertl.
14:32 of 1st period - Tomas Hertl wins face-off versus Steven Stamkos in Golden Knights zone.
15:10 of 1st period - Shot by Tomas Hertl.
15:10 of 1st period - Stopped by Vitek Vanecek without a rebound.
15:11 of 1st period - Sean Kuraly wins face-off versus T.J. Oshie in Flames zone.
15:11 of 1st period - Sean Kuraly is hit by T.J. Oshie.
15:33 of 1st period - Shot by Lawson Crouse.
15:33 of 1st period - Stopped by Ilya Samsonov without a rebound.
15:34 of 1st period - John Tavares wins face-off versus Mark Stone in Golden Knights zone.
15:40 of 1st period - Jordan Eberle is hit by Zach Werenski.
15:45 of 1st period - Artemi Panarin is hit by John Tavares.
16:05 of 1st period - Shot by Mark Stone.
16:05 of 1st period - Shot Blocked by Esa Lindell.
16:15 of 1st period - Shot by Jakub Vrana.
16:15 of 1st period - Shot Misses the Net.
16:42 of 1st period - Shot by Steven Stamkos.
16:42 of 1st period - Shot Blocked by Sean Walker.
17:11 of 1st period - Shot by Alex DeBrincat.
17:11 of 1st period - Shot Misses the Net.
17:12 of 1st period - Minor Penalty to Sean Walker for Hooking.
17:13 of 1st period - Steven Stamkos wins face-off versus Tomas Hertl in Golden Knights zone.
17:32 of 1st period - Zach Werenski is hit by Lawson Crouse and loses puck.
18:08 of 1st period - John Tavares is hit by Miro Heiskanen and loses puck.
18:24 of 1st period - Icing by Esa Lindell.
18:25 of 1st period - Tomas Hertl wins face-off versus John Tavares in Flames zone.
18:35 of 1st period - Icing by John Tavares.
18:36 of 1st period - John Tavares wins face-off versus Derek Grant in Flames zone.
18:36 of 1st period - John Tavares is hit by Marcus Foligno.
19:00 of 1st period - Icing by Jared Spurgeon.
19:01 of 1st period - Steven Stamkos wins face-off versus Tomas Hertl in Flames zone.
Goals for this period are 0 for Flames vs 0 for Golden Knights.
Shots for this period are 8 for Flames vs 5 for Golden Knights.

2nd period


0:01 of 2nd period - Keegan Kolesar wins face-off versus Steven Stamkos in neutral zone.
0:39 of 2nd period - Shot by Lawson Crouse.
0:39 of 2nd period - Shot Misses the Net.
0:54 of 2nd period - Artemi Panarin is hit by John Tavares and loses puck.
1:03 of 2nd period - Shot by Jakub Vrana.
1:03 of 2nd period - Shot Blocked by Jakob Chychrun.
1:32 of 2nd period - Shot by Jordan Eberle.
1:32 of 2nd period - Stopped by Ilya Samsonov without a rebound.
1:33 of 2nd period - Sebastian Aho wins face-off versus Tomas Hertl in Golden Knights zone.
1:50 of 2nd period - Shot by Tomas Hertl.
1:50 of 2nd period - Shot Misses the Net.
1:52 of 2nd period - Shot by Zach Werenski.
1:52 of 2nd period - Shot Misses the Net.
1:54 of 2nd period - Shot by Kirby Dach.
1:54 of 2nd period - Goal by Kirby Dach - Flames : 0 - Golden Knights : 1.
1:55 of 2nd period - Steven Stamkos wins face-off versus Jack Roslovic in neutral zone.
2:14 of 2nd period - Shot by Marcus Foligno.
2:14 of 2nd period - Stopped by Vitek Vanecek without a rebound.
2:15 of 2nd period - Tomas Hertl wins face-off versus John Tavares in Flames zone.
2:40 of 2nd period - Minor Penalty to Kirby Dach for Interference.
2:41 of 2nd period - Steven Stamkos wins face-off versus Derek Grant in Golden Knights zone.
2:53 of 2nd period - Jared Spurgeon is hit by Miro Heiskanen and loses puck.
4:12 of 2nd period - John Tavares is hit by Miro Heiskanen and loses puck.
4:55 of 2nd period - Shot by Jordan Kyrou.
4:55 of 2nd period - Goal by Jordan Kyrou - Flames : 1 - Golden Knights : 1.
4:56 of 2nd period - Tomas Hertl wins face-off versus John Tavares in neutral zone.
5:08 of 2nd period - Icing by Travis Hamonic.
5:09 of 2nd period - Sebastian Aho wins face-off versus Kirby Dach in Golden Knights zone.
5:09 of 2nd period - Sebastian Aho is hit by Travis Hamonic.
5:23 of 2nd period - Travis Hamonic is hit by Zemgus Girgensons.
5:35 of 2nd period - Shot by Sebastian Aho.
5:35 of 2nd period - Deflect By Kirill Marchenko.
5:35 of 2nd period - Stopped by Ilya Samsonov without a rebound.
5:36 of 2nd period - John Tavares wins face-off versus Keegan Kolesar in Golden Knights zone.
5:36 of 2nd period - John Tavares is hit by Miro Heiskanen.
5:55 of 2nd period - Artemi Panarin is hit by Erik Gudbranson and loses puck.
5:59 of 2nd period - Icing by Erik Gudbranson.
6:00 of 2nd period - John Tavares wins face-off versus Jack Roslovic in Flames zone.
6:17 of 2nd period - Shot by Jordan Eberle.
6:17 of 2nd period - Stopped by Ilya Samsonov without a rebound.
6:18 of 2nd period - Lawson Crouse wins face-off versus Keegan Kolesar in Golden Knights zone.
6:18 of 2nd period - Lawson Crouse is hit by Miro Heiskanen.
6:30 of 2nd period - Off-side.
6:31 of 2nd period - Sebastian Aho wins face-off versus Rafael Harvey-Pinard in neutral zone.
6:31 of 2nd period - Ryan Lindgren is hit by Marcus Foligno.
7:03 of 2nd period - Shot by Rafael Harvey-Pinard.
7:03 of 2nd period - Stopped by Vitek Vanecek without a rebound.
7:04 of 2nd period - Steven Stamkos wins face-off versus Tomas Hertl in Flames zone.
7:11 of 2nd period - Shot by Tomas Hertl.
7:11 of 2nd period - Stopped by Vitek Vanecek without a rebound.
7:12 of 2nd period - Tomas Hertl wins face-off versus Steven Stamkos in Flames zone.
7:23 of 2nd period - Shot by Steven Stamkos.
7:23 of 2nd period - Shot Misses the Net.
7:41 of 2nd period - Shot by Steven Stamkos.
7:41 of 2nd period - Shot Blocked by T.J. Oshie.
7:43 of 2nd period - Shot by Alex DeBrincat.
7:43 of 2nd period - Shot Misses the Net.
7:45 of 2nd period - Shot by Adam Larsson.
7:45 of 2nd period - Shot Misses the Net.
7:47 of 2nd period - Shot by Alex DeBrincat.
7:47 of 2nd period - Stopped by Ilya Samsonov without a rebound.
7:48 of 2nd period - John Tavares wins face-off versus Keegan Kolesar in Golden Knights zone.
8:17 of 2nd period - Shot by Artemi Panarin.
8:17 of 2nd period - Shot Blocked by Esa Lindell.
8:49 of 2nd period - Lawson Crouse is hit by Keegan Kolesar and loses puck.
9:06 of 2nd period - Shot by Jared Spurgeon.
9:06 of 2nd period - Deflect By Alex DeBrincat.
9:06 of 2nd period - Shot Hit the Post.
9:08 of 2nd period - Shot by Adam Larsson.
9:08 of 2nd period - Shot Misses the Net.
9:17 of 2nd period - Jakob Chychrun is hit by Lawson Crouse and loses puck.
10:07 of 2nd period - Shot by Travis Hamonic.
10:07 of 2nd period - Stopped by Vitek Vanecek without a rebound.
10:08 of 2nd period - Tomas Hertl wins face-off versus Sebastian Aho in Flames zone.
11:09 of 2nd period - Shot by Adam Boqvist.
11:09 of 2nd period - Shot Misses the Net.
11:48 of 2nd period - Shot by Derek Grant.
11:48 of 2nd period - Shot Misses the Net.
12:27 of 2nd period - Shot by Jordan Kyrou.
12:27 of 2nd period - Stopped by Ilya Samsonov with a rebound.
12:44 of 2nd period - Shot by Artemi Panarin.
12:44 of 2nd period - Stopped by Vitek Vanecek without a rebound.
12:45 of 2nd period - Steven Stamkos wins face-off versus Jack Roslovic in Flames zone.
13:05 of 2nd period - Shot by Rafael Harvey-Pinard.
13:05 of 2nd period - Stopped by Vitek Vanecek without a rebound.
13:06 of 2nd period - Sebastian Aho wins face-off versus Tomas Hertl in Flames zone.
13:27 of 2nd period - Miro Heiskanen is hit by Kirill Marchenko and loses puck.
13:48 of 2nd period - Shot by Sebastian Aho.
13:48 of 2nd period - Stopped by Ilya Samsonov with a rebound.
14:18 of 2nd period - Off-side.
14:19 of 2nd period - John Tavares wins face-off versus Jack Roslovic in neutral zone.
14:36 of 2nd period - Jared Spurgeon is hit by Zach Werenski.
14:45 of 2nd period - Jakub Vrana is hit by Zach Werenski and loses puck.
14:52 of 2nd period - Shot by Jordan Eberle.
14:52 of 2nd period - Shot Blocked by Zach Werenski.
15:24 of 2nd period - Shot by Alex DeBrincat.
15:24 of 2nd period - Shot Blocked by Zach Werenski.
15:26 of 2nd period - Shot by Steven Stamkos.
15:26 of 2nd period - Shot Hit the Post.
15:28 of 2nd period - Shot by Lawson Crouse.
15:28 of 2nd period - Stopped by Ilya Samsonov with a rebound.
15:50 of 2nd period - Shot by Alex DeBrincat.
15:50 of 2nd period - Shot Misses the Net.
15:54 of 2nd period - Shot by Alex DeBrincat.
15:54 of 2nd period - Goal by Alex DeBrincat - Flames : 2 - Golden Knights : 1.
15:55 of 2nd period - Sebastian Aho wins face-off versus Keegan Kolesar in neutral zone.
16:08 of 2nd period - Shot by Sebastian Aho.
16:08 of 2nd period - Shot Blocked by Jakob Chychrun.
17:42 of 2nd period - Adam Larsson is hit by T.J. Oshie and loses puck.
18:07 of 2nd period - Ryan Lindgren is hit by Austin Watson and loses puck.
18:52 of 2nd period - Shot by Marcus Foligno.
18:52 of 2nd period - Stopped by Vitek Vanecek without a rebound.
18:53 of 2nd period - Keegan Kolesar wins face-off versus Sebastian Aho in Flames zone.
19:16 of 2nd period - Shot by Artemi Panarin.
19:16 of 2nd period - Stopped by Vitek Vanecek without a rebound.
19:17 of 2nd period - John Tavares wins face-off versus Jack Roslovic in Flames zone.
19:25 of 2nd period - Jordan Eberle is hit by Travis Hamonic and loses puck.
19:45 of 2nd period - Shot by Rafael Harvey-Pinard.
19:45 of 2nd period - Stopped by Vitek Vanecek with a rebound.
19:47 of 2nd period - Shot by Jack Roslovic.
19:47 of 2nd period - Shot Misses the Net.
Goals for this period are 2 for Flames vs 1 for Golden Knights.
Shots for this period are 9 for Flames vs 10 for Golden Knights.

3rd period


0:01 of 3rd period - Steven Stamkos wins face-off versus Keegan Kolesar in neutral zone.
0:06 of 3rd period - Shot by Steven Stamkos.
0:06 of 3rd period - Shot Misses the Net.
0:08 of 3rd period - Shot by Jared Spurgeon.
0:08 of 3rd period - Shot Misses the Net.
0:14 of 3rd period - Shot by Steven Stamkos.
0:14 of 3rd period - Stopped by Ilya Samsonov without a rebound.
0:15 of 3rd period - John Tavares wins face-off versus Tomas Hertl in Golden Knights zone.
0:31 of 3rd period - Tomas Hertl is hit by John Tavares and loses puck.
0:54 of 3rd period - Shot by Tomas Hertl.
0:54 of 3rd period - Shot Misses the Net.
1:03 of 3rd period - Off-side.
1:04 of 3rd period - Keegan Kolesar wins face-off versus Lawson Crouse in neutral zone.
1:24 of 3rd period - Artemi Panarin is hit by Adam Larsson.
1:37 of 3rd period - Mark Stone is hit by Adam Larsson and loses puck.
2:30 of 3rd period - Shot by Sebastian Aho.
2:30 of 3rd period - Shot Misses the Net.
2:32 of 3rd period - Shot by Erik Gudbranson.
2:32 of 3rd period - Stopped by Ilya Samsonov with a rebound.
2:34 of 3rd period - Shot by Zemgus Girgensons.
2:34 of 3rd period - Shot Misses the Net.
2:36 of 3rd period - Shot by Sebastian Aho.
2:36 of 3rd period - Shot Blocked by Travis Hamonic.
3:16 of 3rd period - Shot by John Tavares.
3:16 of 3rd period - Shot Misses the Net.
3:39 of 3rd period - Icing by Adam Larsson.
3:40 of 3rd period - Jordan Kyrou wins face-off versus Tomas Hertl in Flames zone.
3:59 of 3rd period - Shot by Kirby Dach.
3:59 of 3rd period - Stopped by Vitek Vanecek without a rebound.
4:00 of 3rd period - Keegan Kolesar wins face-off versus Sebastian Aho in Flames zone.
4:05 of 3rd period - Shot by Artemi Panarin.
4:05 of 3rd period - Shot Blocked by Sebastian Aho.
4:20 of 3rd period - Off-side.
4:21 of 3rd period - Tomas Hertl wins face-off versus Steven Stamkos in neutral zone.
4:21 of 3rd period - Tomas Hertl is hit by Lawson Crouse.
4:39 of 3rd period - Shot by Tomas Hertl.
4:39 of 3rd period - Shot Misses the Net.
4:55 of 3rd period - Shot by Tomas Hertl.
4:55 of 3rd period - Stopped by Vitek Vanecek with a rebound.
4:57 of 3rd period - Shot by Miro Heiskanen.
4:57 of 3rd period - Stopped by Vitek Vanecek without a rebound.
4:58 of 3rd period - John Tavares wins face-off versus Keegan Kolesar in Flames zone.
5:17 of 3rd period - Shot by Jordan Eberle.
5:17 of 3rd period - Stopped by Ilya Samsonov without a rebound.
5:18 of 3rd period - Jack Roslovic wins face-off versus Sebastian Aho in Golden Knights zone.
5:49 of 3rd period - Shot by Jack Roslovic.
5:49 of 3rd period - Stopped by Vitek Vanecek without a rebound.
5:50 of 3rd period - Steven Stamkos wins face-off versus Keegan Kolesar in Flames zone.
6:05 of 3rd period - Lawson Crouse is hit by Keegan Kolesar and loses puck.
6:14 of 3rd period - Shot by Steven Stamkos.
6:14 of 3rd period - Shot Blocked by Miro Heiskanen.
6:16 of 3rd period - Shot by Lawson Crouse.
6:16 of 3rd period - Stopped by Ilya Samsonov with a rebound.
6:18 of 3rd period - Shot by Alex DeBrincat.
6:18 of 3rd period - Shot Misses the Net.
6:28 of 3rd period - Shot by Jared Spurgeon.
6:28 of 3rd period - Shot Misses the Net.
6:30 of 3rd period - Shot by Steven Stamkos.
6:30 of 3rd period - Stopped by Ilya Samsonov without a rebound.
6:31 of 3rd period - John Tavares wins face-off versus Tomas Hertl in Golden Knights zone.
6:34 of 3rd period - Shot by Jakub Vrana.
6:34 of 3rd period - Shot Blocked by Zach Werenski.
7:14 of 3rd period - Shot by Jordan Eberle.
7:14 of 3rd period - Deflect By John Tavares.
7:14 of 3rd period - Stopped by Ilya Samsonov without a rebound.
7:15 of 3rd period - Steven Stamkos wins face-off versus Rafael Harvey-Pinard in Golden Knights zone.
7:48 of 3rd period - Minor Penalty to Pierre-Edouard Bellemare for Tripping.
7:49 of 3rd period - Derek Grant wins face-off versus Lawson Crouse in Flames zone.
8:23 of 3rd period - Sean Kuraly is hit by Keegan Kolesar and loses puck.
8:47 of 3rd period - Shot by Jakob Chychrun.
8:47 of 3rd period - Stopped by Vitek Vanecek without a rebound.
8:48 of 3rd period - Tomas Hertl wins face-off versus Lawson Crouse in Flames zone.
8:49 of 3rd period - Shot by Jack Roslovic.
8:49 of 3rd period - Goal by Jack Roslovic - Flames : 2 - Golden Knights : 2.
8:50 of 3rd period - Tomas Hertl wins face-off versus Steven Stamkos in neutral zone.
8:50 of 3rd period - T.J. Oshie is hit by Steven Stamkos and loses puck.
9:04 of 3rd period - Icing by Esa Lindell.
9:05 of 3rd period - Steven Stamkos wins face-off versus Jack Roslovic in Flames zone.
9:17 of 3rd period - Jack Roslovic is hit by Erik Gudbranson and loses puck.
9:20 of 3rd period - Shot by Marcus Foligno.
9:20 of 3rd period - Deflect By Jack Roslovic.
9:20 of 3rd period - Shot Misses the Net.
9:31 of 3rd period - Steven Stamkos is hit by Zach Werenski and loses puck.
9:35 of 3rd period - Icing by Zach Werenski.
9:36 of 3rd period - John Tavares wins face-off versus Jack Roslovic in Golden Knights zone.
9:36 of 3rd period - John Tavares is hit by Zach Werenski.
9:56 of 3rd period - Shot by Jack Roslovic.
9:56 of 3rd period - Shot Hit the Post.
9:58 of 3rd period - Shot by Zach Werenski.
9:58 of 3rd period - Stopped by Vitek Vanecek without a rebound.
9:59 of 3rd period - Keegan Kolesar wins face-off versus Sebastian Aho in Flames zone.
10:10 of 3rd period - Shot by Artemi Panarin.
10:10 of 3rd period - Shot Blocked by Calvin de Haan.
10:28 of 3rd period - Shot by Artemi Panarin.
10:28 of 3rd period - Shot Misses the Net.
10:30 of 3rd period - Shot by Jakob Chychrun.
10:30 of 3rd period - Deflect By Mark Stone.
10:30 of 3rd period - Stopped by Vitek Vanecek without a rebound.
10:31 of 3rd period - Steven Stamkos wins face-off versus Tomas Hertl in Flames zone.
10:56 of 3rd period - Shot by Tomas Hertl.
10:56 of 3rd period - Stopped by Vitek Vanecek without a rebound.
10:57 of 3rd period - Derek Grant wins face-off versus John Tavares in Flames zone.
11:08 of 3rd period - Shot by John Tavares.
11:08 of 3rd period - Shot Misses the Net.
11:14 of 3rd period - Shot by Jordan Eberle.
11:14 of 3rd period - Shot Misses the Net.
11:20 of 3rd period - Shot by John Tavares.
11:20 of 3rd period - Shot Misses the Net.
11:29 of 3rd period - Minor Penalty to Jakob Chychrun for Hooking.
11:30 of 3rd period - Tomas Hertl wins face-off versus Steven Stamkos in Golden Knights zone.
11:38 of 3rd period - Off-side.
11:39 of 3rd period - Tomas Hertl wins face-off versus Steven Stamkos in neutral zone.
11:58 of 3rd period - Shot by Jared Spurgeon.
11:58 of 3rd period - Shot Misses the Net.
12:00 of 3rd period - Shot by Jared Spurgeon.
12:00 of 3rd period - Shot Misses the Net.
12:02 of 3rd period - Shot by Sebastian Aho.
12:02 of 3rd period - Deflect By Alex DeBrincat.
12:02 of 3rd period - Shot Misses the Net.
12:04 of 3rd period - Shot by Lawson Crouse.
12:04 of 3rd period - Shot Blocked by Adam Boqvist.
12:06 of 3rd period - Shot by Lawson Crouse.
12:06 of 3rd period - Stopped by Ilya Samsonov without a rebound.
12:07 of 3rd period - John Tavares wins face-off versus Tomas Hertl in Golden Knights zone.
12:17 of 3rd period - Shot by John Tavares.
12:17 of 3rd period - Shot Misses the Net.
12:19 of 3rd period - Shot by Esa Lindell.
12:19 of 3rd period - Stopped by Ilya Samsonov without a rebound.
12:20 of 3rd period - Derek Grant wins face-off versus Alex DeBrincat in Golden Knights zone.
13:14 of 3rd period - Marcus Foligno is hit by Steven Stamkos and loses puck.
13:28 of 3rd period - Off-side.
13:29 of 3rd period - John Tavares wins face-off versus Jack Roslovic in neutral zone.
13:29 of 3rd period - John Tavares is hit by Marcus Foligno.
13:51 of 3rd period - Shot by Jordan Eberle.
13:51 of 3rd period - Shot Misses the Net.
13:54 of 3rd period - Icing by Rafael Harvey-Pinard.
13:55 of 3rd period - Jordan Kyrou wins face-off versus Jack Roslovic in Golden Knights zone.
13:55 of 3rd period - Jordan Kyrou is hit by Adam Boqvist.
14:17 of 3rd period - Shot by Rafael Harvey-Pinard.
14:17 of 3rd period - Stopped by Vitek Vanecek without a rebound.
14:18 of 3rd period - Keegan Kolesar wins face-off versus Jordan Eberle in Flames zone.
14:35 of 3rd period - Shot by Jakub Vrana.
14:35 of 3rd period - Shot Misses the Net.
14:39 of 3rd period - Shot by John Tavares.
14:39 of 3rd period - Stopped by Ilya Samsonov without a rebound.
14:40 of 3rd period - Sebastian Aho wins face-off versus Kirby Dach in Golden Knights zone.
14:42 of 3rd period - Kirill Marchenko is hit by Sean Walker and loses puck.
14:55 of 3rd period - Shot by Kirill Marchenko.
14:55 of 3rd period - Shot Misses the Net.
15:01 of 3rd period - Ryan Lindgren is hit by T.J. Oshie and loses puck.
15:12 of 3rd period - Shot by Kirby Dach.
15:12 of 3rd period - Stopped by Vitek Vanecek without a rebound.
15:13 of 3rd period - Keegan Kolesar wins face-off versus Steven Stamkos in Flames zone.
15:54 of 3rd period - Shot by Mark Stone.
15:54 of 3rd period - Shot Misses the Net.
16:32 of 3rd period - Shot by Tomas Hertl.
16:32 of 3rd period - Shot Misses the Net.
17:07 of 3rd period - Travis Hamonic is hit by Erik Gudbranson and loses puck.
17:34 of 3rd period - Jordan Eberle is hit by Austin Watson and loses puck.
18:49 of 3rd period - Shot by Artemi Panarin.
18:49 of 3rd period - Goal by Artemi Panarin - Flames : 2 - Golden Knights : 3.
18:50 of 3rd period - John Tavares wins face-off versus Tomas Hertl in neutral zone.
19:01 of 3rd period - Flames, Vitek Vanecek is pulled from the net.
19:01 of 3rd period - Shot by Jakub Vrana.
19:01 of 3rd period - Shot Misses the Net.
19:03 of 3rd period - Shot by Esa Lindell.
19:03 of 3rd period - Shot Blocked by Travis Hamonic.
19:20 of 3rd period - Jordan Eberle is hit by Travis Hamonic and loses puck.
Goals for this period are 0 for Flames vs 2 for Golden Knights.
Shots for this period are 9 for Flames vs 12 for Golden Knights.